 Dungeon Crawl Stone Soup version 0.14.1 (webtiles) character file.

6118 Kae the Arsonist (level 10, -5/50 HPs)
             Began as a Deep Elf Fire Elementalist on Apr 29, 2014.
             Was a Follower of Vehumet.
             Slain by an unseen horror (7 damage)
             ... on Level 10 of the Dungeon.
             The game lasted 00:28:07 (11631 turns).

Kae the Arsonist (Deep Elf Fire Elementalist)      Turns: 11631, Time: 00:28:08

HP  -5/50        AC  5     Str  7      XL: 10   Next: 49%
MP  37/40        EV 13     Int 24      God: Vehumet [*.....]
Gold 374         SH  0     Dex 15      Spells:  5 memorised, 13 levels left

rFire  + . .     SeeInvis .     v - +3 quarterstaff (crush)
rCold  x x .     Clarity  .     f - +0 robe
rNeg   . . .     Conserve .     (no shield)
rPois  .         rCorr    .     (no helmet)
rElec  .         rRot     .     e - +1 cloak
SustAb . .       Spirit   .     S - +0 pair of gloves
rMut   .         Warding  .     (no boots)
Saprov . . .     Stasis   .     O - amulet "Khocs" {Faith rC-}
MR     +....                    j - ring of magical power
                                m - ring of fire

@: somewhat resistant to hostile enchantments, fairly stealthy
A: clever 1
a: Renounce Religion


You were on level 10 of the Dungeon.
You worshipped Vehumet.
Vehumet was aware of your devotion.
You were not hungry.

You visited 2 branches of the dungeon, and saw 11 of its levels.

You collected 374 gold pieces.

Inventory:

Hand weapons
 v - a +3,+3 quarterstaff of crushing (weapon)
 y - a +1,+3 dagger
 I - a +1,+0 vampiric whip
 K - a +0,+0 whip of distortion
 R - a +0,+0 anti-magic dagger
Armour
 e - a +1 cloak (worn)
 f - a +0 robe (worn)
 S - a +0 pair of gloves (worn)
Magical devices
 a - a wand of lightning (8)
 t - a wand of paralysis (20)
 E - a wand of slowing (8)
 H - a wand of magic darts (2)
 T - a wand of frost (9)
Comestibles
 c - 5 bread rations
 n - a pear
 P - 2 chunks of giant frog flesh
Scrolls
 i - 5 scrolls of identify
 p - 5 scrolls of remove curse
 w - 5 scrolls of fog
 z - 4 scrolls of enchant armour
 A - a scroll of fear
 D - 3 scrolls of teleportation
 M - a scroll of amnesia
Jewellery
 g - an uncursed ring of teleportation
 j - a ring of magical power (right hand)
 m - a ring of fire (left hand)
 o - an uncursed ring of protection from fire
 q - an uncursed ring of positive energy
 u - an uncursed ring of poison resistance
 J - a +1 ring of dexterity
 O - the amulet "Khocs" (around neck) {Faith rC-}
   (You found it on level 8 of the Dungeon)

   [amulet of faith]

   It makes you vulnerable to cold.
Potions
 d - 4 potions of curing
 h - 3 potions of flight
 k - a potion of might
 l - 2 potions of heal wounds
 r - 2 potions of invisibility
 s - 2 potions of resistance
 B - a potion of restore abilities
 L - a potion of agility
 N - a potion of degeneration {unknown}
Books
 b - a book of Flames

   Spells                             Type                      Level
   *Flame Tongue                      Conjuration/Fire             1
   *Throw Flame                       Conjuration/Fire             2
   *Conjure Flame                     Conjuration/Fire             3
   Inner Flame                        Hexes/Fire                   3
   *Sticky Flame                      Conjuration/Fire             4
   *Fireball                          Conjuration/Fire             5
 x - a book of Hinderance

   Spells                             Type                      Level
   Confusing Touch                    Hexes                        1
   Confuse                            Hexes                        3
   Petrify                            Transmutation/Earth          4
   Leda's Liquefaction                Hexes/Earth                  4
   Metabolic Englaciation             Hexes/Ice                    5
   Summon Mana Viper                  Hexes/Summoning              5
 C - a book of Enchantments

   Spells                             Type                      Level
   Cause Fear                         Hexes                        4
   Silence                            Hexes/Air                    5
   Tukima's Dance                     Hexes                        5
   Deflect Missiles                   Charms/Air                   6
   Haste                              Charms                       6
   Discord                            Hexes                        8
 F - a book of Beasts

   Spells                             Type                      Level
   Summon Butterflies                 Summoning                    1
   Call Canine Familiar               Summoning                    3
   Summon Ice Beast                   Ice/Summoning                4
   Summon Mana Viper                  Hexes/Summoning              5
   Monstrous Menagerie                Summoning                    6
   Summon Hydra                       Summoning                    7
 G - a book of Annihilations {highlevel}

   Spells                             Type                      Level
   Poison Arrow                       Conjuration/Poison           6
   Chain Lightning                    Conjuration/Air              8
   Lehudib's Crystal Spear            Conjuration/Earth            8
   Glaciate                           Conjuration/Ice              9
   Fire Storm                         Conjuration/Fire             9
 Q - a book of Conjurations

   Spells                             Type                      Level
   Magic Dart                         Conjuration                  1
   Searing Ray                        Conjuration                  2
   Dazzling Spray                     Conjuration/Hexes            3
   Fulminant Prism                    Conjuration/Hexes            4
   Iskenderun's Mystic Blast          Conjuration                  4
   Iskenderun's Battlesphere          Conjuration/Charms           5
 U - a book of Wizardry

   Spells                             Type                      Level
   Summon Elemental                   Summoning                    4
   Agony                              Necromancy                   5
   Force Lance                        Conjuration                  5
   Haste                              Charms                       6
   Invisibility                       Hexes                        6
   Spellforged Servitor               Conjuration/Summoning        7


   Skills:
 - Level 2.4 Dodging
 - Level 2.4 Stealth
 + Level 9.5 Spellcasting
 * Level 10.8 Conjurations
 * Level 11.4 Fire Magic


You had 13 spell levels left.
You knew the following spells:

 Your Spells              Type           Power        Failure   Level  Hunger
a - Flame Tongue          Conj/Fire      #####        1%          1    None
b - Throw Flame           Conj/Fire      ######       1%          2    None
c - Conjure Flame         Conj/Fire      #######.     1%          3    None
d - Sticky Flame          Conj/Fire      #######.     1%          4    ##.....
e - Fireball              Conj/Fire      #######...   1%          5    ####...


Dungeon Overview and Level Annotations

Branches:
Dungeon (10/15)            Temple (1/1) D:7            Lair (0/8) D:8
    Orc: D:9-12

Altars:
Ashenzari
Cheibriados
Dithmenos
Fedhas
Kikubaaqudgha
Makhleb
Nemelex Xobeh
Okawaru
Sif Muna
Trog
Vehumet
Xom
Yredelemnul
Zin
The Shining One


Innate Abilities, Weirdness & Mutations

Your mind is acute. (Int +2)


Message History

Vehumet is aware of your devotion. Something hits you.
You offer a prayer to Vehumet.
Vehumet is aware of your devotion.
Key pressed, stopping explore.
You offer a prayer to Vehumet.
Vehumet is aware of your devotion. Something hits you!
You offer a prayer to Vehumet.
Vehumet is aware of your devotion. Something hits you but does no damage.
Found an escape hatch in the ceiling.
You offer a prayer to Vehumet.
Vehumet is aware of your devotion. Something hits you. Something hits you!
* * * LOW HITPOINT WARNING * * *
Something hits you.
* * * LOW HITPOINT WARNING * * *
Something hits you!
You die...

#..>......# #....
#.........# #....
#.........######....
#..........%...'....
#..?......######....
#..?......# #....
#........># #####
#####.##### #. #@.$#
#. #.### #. #..# #.
#.## ###. .. ####...
... #...... #...
....##... #... ##
#... . #...


There were no monsters in sight!

Vanquished Creatures
  Joseph (D:7)
  The ghost of patrikchr the Archer, an experienced HEHu (D:5)
  A komodo dragon (D:7)
  A troll (D:9)
  Prince Ribbit (D:7)
  A yak (D:8)
  3 hippogriffs
  A necrophage (D:7)
  A black bear (D:3)
  A phantom (D:4)
  4 orc warriors
  6 sky beasts
  An ice beast (D:9)
  2 ogres
  Duvessa (D:7)
  3 giant frogs
  9 killer bees
  4 wights
  A goliath beetle (D:9)
  A quasit (D:9)
  Dowan (D:7)
  4 hounds
  4 crimson imps
  5 orc priests
  2 giant frog skeletons (D:4)
  A jelly (D:7)
  10 worker ants
  An iguana (D:7)
  10 orc wizards
  Ijyb (D:7)
  A worker ant zombie (D:5)
  12 gnolls
  A green rat (D:6)
  9 adders
  A shadow imp (D:8)
  An inept feature mimic (D:7)
  A giant mite (D:2)
  5 worms
  2 orc skeletons
  2 adder skeletons
  A gnoll skeleton (D:5)
  2 giant eyeballs (D:6)
  8 giant geckos
  An ooze (D:4)
  18 orcs
  9 hobgoblins
  13 jackals
  6 quokkas
  2 ball pythons
  15 bats
  9 giant cockroaches
  6 giant newts
  A giant newt skeleton (D:5)
  14 goblins
  A hobgoblin zombie (D:7)
  12 kobolds
  An orc zombie (D:8)
  21 rats
  A plant (D:1)
259 creatures vanquished.

Vanquished Creatures (collateral kills)
  A hound (D:9)
1 creature vanquished.

Vanquished Creatures (others)
  A plant (D:8)
1 creature vanquished.

Grand Total: 261 creatures vanquished

Notes
Turn   | Place    | Note
--------------------------------------------------------------
     0 | D:1      | Kae, the Deep Elf Fire Elementalist, began the quest for the Orb.
     0 | D:1      | Reached XP level 1. HP: 10/10 MP: 5/5
   194 | D:1      | Reached XP level 2. HP: 7/15 MP: 3/8
  1070 | D:1      | Reached skill level 4 in Fire Magic
  1240 | D:2      | Reached XP level 3. HP: 17/19 MP: 11/11
  1276 | D:2      | Found a blossoming altar of Fedhas.
  1780 | D:2      | Gained mutation: Your mind is acute. (Int +2) [potion of beneficial mutation]
  1784 | D:2      | Learned a level 2 spell: Throw Flame
  1788 | D:2      | Learned a level 3 spell: Conjure Flame
  1801 | D:2      | Reached XP level 4. HP: 24/24 MP: 6/14
  2849 | D:3      | Reached XP level 5. HP: 28/28 MP: 17/17
  3444 | D:3      | Reached skill level 5 in Fire Magic
  3452 | D:3      | Noticed a black bear
  3460 | D:3      | Killed a black bear
  3460 | D:3      | Reached XP level 6. HP: 32/32 MP: 9/20
  4212 | D:4      | Reached skill level 5 in Conjurations
  4212 | D:4      | Reached skill level 6 in Fire Magic
  4244 | D:4      | Reached skill level 5 in Spellcasting
  4244 | D:4      | Reached XP level 7. HP: 36/36 MP: 21/22
  4941 | D:4      | Found a shadowy altar of Dithmenos.
  5029 | D:5      | Entered Level 5 of the Dungeon
  5283 | D:5      | Reached skill level 7 in Fire Magic
  5383 | D:5      | Reached XP level 8. HP: 41/41 MP: 25/25
  5525 | D:5      | Noticed patrikchr's ghost (experienced HEHu)
  5545 | D:5      | Killed patrikchr's ghost
  6132 | D:6      | Reached skill level 8 in Fire Magic
  6278 | D:6      | Paralysed by a giant eyeball for 4 turns
  6314 | D:6      | Found a shimmering altar of Xom.
  6314 | D:6      | Found a burning altar of Makhleb.
  6416 | D:6      | Paralysed by a giant eyeball for 4 turns
  6423 | D:6      | Paralysed by a giant eyeball for 3 turns
  6656 | D:6      | Found a shimmering altar of Xom.
  6810 | D:6      | Reached XP level 9. HP: 24/45 MP: 28/28
  6907 | D:6      | Reached skill level 9 in Fire Magic
  7231 | D:7      | Learned a level 4 spell: Sticky Flame
  7237 | D:7      | Learned a level 5 spell: Fireball
  7427 | D:7      | Noticed Duvessa
  7431 | D:7      | Noticed Ijyb
  7823 | D:7      | Noticed Prince Ribbit
  7850 | D:7      | Killed Prince Ribbit
  7897 | D:7      | Reached skill level 10 in Fire Magic
  7901 | D:7      | Noticed Dowan
  8397 | D:7      | Killed Ijyb
  8411 | D:7      | Killed Dowan
  8414 | D:7      | Killed Duvessa
  8503 | D:7      | Found a staircase to the Ecumenical Temple.
  8503 | D:7      | Noticed Joseph
  8518 | D:7      | Killed Joseph
  8518 | D:7      | Reached skill level 10 in Conjurations
  8518 | D:7      | Reached XP level 10. HP: 10/50 MP: 9/30
  8528 | Temple   | Entered the Ecumenical Temple
  8559 | Temple   | Became a worshipper of Vehumet
  9054 | D:8      | Found a staircase to the Lair.
  9505 | D:8      | Got a shimmering emerald amulet
  9805 | D:9      | HP: 1/50 [distortion unwield (35)]
 10214 | D:9      | Reached skill level 11 in Fire Magic
 10557 | D:9      | Acquired Vehumet's first power
 10557 | D:9      | Offered knowledge of Sandblast by Vehumet.
 11135 | D:9      | Found a bloodstained altar of Trog.
 11135 | D:9      | Found a sparkling altar of Nemelex Xobeh.
 11171 | D:9      | Identified the amulet "Khocs" {Faith rC-} (You found it on level 8 of the Dungeon)
 11255 | D:9      | Found a basalt altar of Yredelemnul.
 11439 | D:10     | Entered Level 10 of the Dungeon
 11631 | D:10     | HP: 2/50 [something (6)]
 11631 | D:10     | Slain by an unseen horror

Action                   |  1- 3 |  4- 6 |  7- 9 | 10-12 || total
-------------------------+-------+-------+-------+-------++-------
Melee: Mace              |    81 |    26 |       |       ||   107
       Dagger            |       |       |    59 |       ||    59
       Whip              |       |       |    28 |    19 ||    47
       Quarterstaff      |       |       |       |    18 ||    18
 Cast: Flame Tongue      |    93 |    79 |   243 |    99 ||   514
       Throw Flame       |       |    42 |    39 |    44 ||   125
       Conjure Flame     |       |     2 |     7 |     1 ||    10
       Sticky Flame      |       |       |    10 |     4 ||    14
       Fireball          |       |       |     7 |     2 ||     9
 Abil: Evoke Teleportati |       |     3 |       |       ||     3
Evoke: Wand              |       |       |     9 |     2 ||    11
  Use: Scroll            |     5 |     4 |    12 |     5 ||    26
       Potion            |     2 |       |     1 |     1 ||     4
 Stab: Sleeping          |       |     1 |     1 |       ||     2
       Paralysed         |       |       |     7 |       ||     7
